Cogmind - Beta 9.1 @@@ ROGUE MODE // 2019.11.02 @ 18:27:18 Player: Suslik Result: Self-destructed Performance ------------- Evolutions (5) 2500 Regions Visited (21) 4200 Robots Destroyed (248) 1240 Value Destroyed (10823) 10823 Prototype IDs (9) 180 Alien Tech Used (0) 0 Bonus (5399) 5399 TOTAL SCORE: 24342 Bonus ------- High Alert Combat Kills 580 Follower Combat Kills 2184 Entered Garrisons 1000 Used RIF Installer 2500 Friendly Fire -865 Cogmind --------- Core Integrity 878/1000 Matter 300/300 Energy 286/290 System Corruption 13% Temperature Cool (178) Location -5/Factory Parts ------- Power (1) Reinforced Deuterium Engine Propulsion (3) Improved Medium Treads Improved Medium Treads Improved Medium Treads Utility (10) High-capacity Storage Unit High-capacity Storage Unit High-capacity Storage Unit High-capacity Storage Unit Long-range Terrain Scanner Matter Filter Improved Light Armor Plating Relay Coupler [NC] (10) Weapon (3) Hypervelocity Coil Gun Hypervelocity Coil Gun Enhanced Gauss Cannon Inventory (36) Reinforced Deuterium Engine Enhanced Nuclear Core Fusion Compressor High-capacity Storage Unit Energy Well (500) High-capacity Matter Pod (200) Advanced Melee Analysis Suite Nanoactuators Damper Plating Damper Plating Improved Thermal Shield Relay Coupler [NC] (31) Relay Coupler [NC] (31) Relay Coupler [NC] (29) Relay Coupler [NC] (33) Relay Coupler [NC] (27) Relay Coupler [Sentry] (23) Neutron Cannon Enhanced Gauss Cannon Enhanced Gauss Cannon Enhanced Gauss Cannon Smartbomb Launcher Smartbomb Launcher Remote Datajack Improved Remote Datajack Phasing Sabre Kinetic Spear Peak State ------------ Power Reinforced Deuterium Engine Propulsion Improved Medium Treads Heavy Treads Utility High-capacity Storage Unit High-capacity Storage Unit High-capacity Storage Unit High-capacity Storage Unit Nanoactuators Damper Plating Weapon Magnetic Acceleration Cannon Magnetic Acceleration Cannon Phasing Sabre Inventory Enhanced Nuclear Core Improved Medium Treads Fusion Compressor Coolant Injector High-capacity Matter Pod Advanced Terrain Scanner Long-range Terrain Scanner Improved Medium Armor Plating Improved Heavy Armor Plating Damper Plating Damper Plating Damper Plating Relay Coupler [NC] Relay Coupler [NC] Relay Coupler [Grunt] Relay Coupler [Hunter] Relay Coupler [Hunter] Relay Coupler [Hunter] Improved Lightning Gun Gatling Laser Plasma Cannon Heavy Plasma Cannon Autogun Hypervelocity Coil Gun Antimatter Cannon Missile Launcher Remote Datajack Remote Datajack Chainsword [Rating: 82] Favorites ----------- Power Heavy Ion Engine Engine Heavy Ion Engine Power Core Light Nuclear Core Reactor Antimatter Reactor Propulsion Light Treads Treads Light Treads Leg Aluminum Leg Wheel Wheel Utility High-capacity Storage Unit Device Long-range Terrain Scanner Storage High-capacity Storage Unit Processor Advanced Visual Processing Unit Hackware Relay Coupler [Sentry] Protection Improved Light Armor Plating Weapon Improved EM Shotgun Energy Gun Improved EM Shotgun Energy Cannon EM Pulse Cannon Ballistic Gun Autogun Ballistic Cannon Flak Cannon Launcher Mini Grenade Launcher Special Weapon Remote Datajack Slashing Weapon Chainsword Piercing Weapon Heavy Pick Special Melee Weapon Datajack Build | -11 -10 -10 -9 -9 -9 -8 -8 -8 -8 -8 -7 -7 -7 -7 -7 -7 -6 -6 -6 -6 -5 ------- Run | Scr Mat Min Mat Min Exi Min Mat Gar Mat Gar Fac Was Fac Gar Fac Gar Fac Was Fac Gar Fac Slots Evolved 10 | . . . 2 . . . 2 . . . 2 . . . . . 2 . . . 2 Power . | . . . . . . . . . . . . . . . . . . . . . . Propulsion 1 | . . . . . . . . . . . 1 . . . . . . . . . . Utility 8 | . . . 1 . . . 2 . . . 1 . . . . . 2 . . . 2 Weapon 1 | . . . 1 . . . . . . . . . . . . . . . . . . Parts Attached 331 | 2 13 1 20 2 . 1 19 10 35 19 8 12 3 24 26 28 17 3 16 36 36 Power 11 | . 2 . 1 . . . 1 . . . . 1 . . 2 1 1 . . . 2 Engine 7 | . 2 . 1 . . . 1 . . . . . . . . . 1 . . . 2 Core 2 | . . . . . . . . . . . . . . . 1 1 . . . . . Reactor 2 | . . . . . . . . . . . . 1 . . 1 . . . . . . Propulsion 53 | 2 4 1 6 . . . 4 1 4 1 1 2 . 1 1 10 3 2 3 3 4 Treads 39 | 2 . . 6 . . . 4 1 4 1 1 2 . 1 1 3 1 2 3 3 4 Leg 8 | . . . . . . . . . . . . . . . . 7 1 . . . . Wheel 6 | . 4 1 . . . . . . . . . . . . . . 1 . . . . Hover . | . . . . . . . . . . . . . . . . . . . . . . Flight . | . . . . . . . . . . . . . . . . . . . . . . Utility 99 | . 2 . 6 1 . . 6 3 13 5 2 7 . 6 8 5 2 . 6 16 11 Device 20 | . . . . . . . 2 . . . . 3 . 1 1 . . . 4 6 3 Storage 9 | . 1 . 2 . . . 1 . 3 . . 1 . . . . . . . . 1 Processor 2 | . . . 1 . . . 1 . . . . . . . . . . . . . . Hackware 24 | . . . . . . . . . 5 2 1 1 . 2 2 3 . . 2 3 3 Protection 44 | . 1 . 3 1 . . 2 3 5 3 1 2 . 3 5 2 2 . . 7 4 Artifact . | . . . . . . . . . . . . . . . . . . . . . . Weapon 168 | . 5 . 7 1 . 1 8 6 18 13 5 2 3 17 15 12 11 1 7 17 19 Energy Gun 37 | . 2 . 1 . . . 4 3 4 5 3 1 1 7 2 1 2 . . 1 . Energy Cannon 13 | . . . . . . . . 1 1 . . . . 1 1 3 1 . 1 3 1 Ballistic Gun 21 | . 3 . 1 . . . . 1 5 2 . . . 2 . 2 2 . . 1 2 Ballistic Cannon 32 | . . . 5 . . 1 3 . 1 . . . . . 4 2 1 . 3 4 8 Launcher 18 | . . . . 1 . . 1 1 . 3 . . . 5 1 1 1 . . 2 2 Special Weapon 18 | . . . . . . . . . 1 . 2 . . 2 2 3 1 . 2 2 3 Impact Weapon . | . . . . . . . . . . . . . . . . . . . . . . Slashing Weapon 18 | . . . . . . . . . 1 1 . 1 2 . 5 . 1 . 1 4 2 Piercing Weapon 4 | . . . . . . . . . . . . . . . . . 2 1 . . 1 Special Melee Weapon 7 | . . . . . . . . . 5 2 . . . . . . . . . . . Unidentified Prototypes 9 | . . . 3 . . . 1 . . . 1 . . . 1 . 1 . 1 . 1 Parts Lost 77 | . 10 . 1 . . . 7 5 7 3 . 2 . 3 7 12 6 . . 7 7 Power 7 | . 2 . . . . . 1 . . . . . . . 2 1 1 . . . . Propulsion 19 | . 4 . . . . . 2 . 2 1 . 1 . 1 1 4 1 . . 1 1 Utility 19 | . . . 1 . . . 1 2 1 1 . . . 1 2 1 1 . . 3 5 Weapon 32 | . 4 . . . . . 3 3 4 1 . 1 . 1 2 6 3 . . 3 1 Highest Loss Streak 9 | . 9 . 1 . . . 2 2 3 2 . 1 . 2 2 7 5 . . 2 3 Average Slot Usage (%) 94 | . 85 100 99 100 100 100 98 99 98 99 94 95 92 91 89 94 82 83 80 90 98 Engine 6 | . 12 14 11 11 11 11 9 9 9 9 7 1 . . . . 2 6 6 6 5 Reactor 1 | . . . . . . . . . . . . 5 7 7 5 . . . . . . Treads 16 | . 7 . 20 22 22 22 18 18 17 17 22 19 15 14 15 2 15 11 13 18 16 Leg 1 | . . . . . . . . . . . . . . . . 18 . . . . . Device 1 | . . . . . . . 4 1 . . . 1 . . 3 1 . . 2 1 6 Storage 25 | . 14 14 14 22 22 22 22 27 27 27 23 26 30 30 30 30 26 26 26 26 23 Hackware 3 | . . . . . . . . . 9 4 5 6 7 7 1 6 6 6 3 . 6 Protection 10 | . 8 14 17 11 11 11 10 16 8 13 12 9 7 5 6 5 6 6 6 15 18 Energy Gun 7 | . 13 14 . . . . 3 24 13 21 20 15 16 17 5 . 1 6 2 . . Energy Cannon 1 | . . . . . . . . . 2 . . . . . 3 7 6 . . 5 2 Ballistic Gun 2 | . 13 14 . . . . . 1 6 4 . . . 3 . 3 6 5 . 1 1 Ballistic Cannon 11 | . . . 32 24 22 32 22 . 3 . . . . . 10 9 2 6 13 9 8 Naked Turns . | . . . . . . . . . . . . . . . . . . . . . . Heaviest Build 214 | 13 16 16 65 65 56 61 79 75 123 130 124 160 160 164 173 159 204 204 214 214 190 Greatest Support 100 | 40 40 26 40 40 40 40 40 40 46 46 68 92 92 92 90 90 60 90 100 100 90 Greatest Overweight (x) 47 | . 1 . 1 1 1 1 3 1 3 5 2 2 1 2 1 47 20 20 2 2 2 Average Overweight (x) 1 | . . . . 1 1 1 1 1 1 2 1 1 1 1 1 3 9 10 2 1 1 Largest Inventory Capacity 36 | 6 8 8 16 16 16 16 22 22 28 28 28 36 36 36 36 36 36 36 36 36 36 Average Capacity 27 | 6 6 8 10 16 16 16 19 22 24 28 28 31 36 36 36 36 36 36 36 36 36 Most Carried 36 | 6 6 8 16 16 16 16 22 22 28 26 28 36 36 36 36 36 36 36 36 36 36 Average Carried 26 | 5 4 7 10 15 16 16 18 20 22 23 27 31 36 34 35 35 33 34 35 32 34 Final Capacity 36 | 6 8 8 16 16 16 16 22 22 28 28 28 36 36 36 36 36 36 36 36 36 36 Final Carried 36 | 4 6 8 16 16 16 16 22 22 26 25 27 36 36 36 36 36 33 34 35 35 33 Class Distribution -------------------- 20% | Bothacker-Tank 15% | Tank 14% | Botlord-Mutant 12% | Hauler-Tank 12% | Bothacker-Mutant 9% | Botlord-Tank 6% | Mutant 5% | Hauler-Mutant Dominant Class ---------------- Mutant | -10/Materials Scavenger-Mutant | -10/Mines Tank | -9/Materials Mutant | -9/Mines Mutant | -9/Exiles Tank | -8/Mines Tank | -8/Materials Hauler-Tank | -8/Garrison Bothacker-Tank | -8/Materials Hauler-Tank | -8/Garrison Bothacker-Tank | -7/Factory Bothacker-Mutant | -7/Waste Hauler-Mutant | -7/Factory Hauler-Tank | -7/Garrison Bothacker-Mutant | -7/Factory Bothacker-Tank | -7/Garrison Botlord-Tank | -6/Factory Botlord-Tank | -6/Waste Bothacker-Tank | -6/Factory Botlord-Mutant | -6/Garrison Botlord-Mutant | -5/Factory Resources | -11 -10 -10 -9 -9 -9 -8 -8 -8 -8 -8 -7 -7 -7 -7 -7 -7 -6 -6 -6 -6 -5 ----------- Run | Scr Mat Min Mat Min Exi Min Mat Gar Mat Gar Fac Was Fac Gar Fac Gar Fac Was Fac Gar Fac Matter Collected 8115 | 200 148 57 1141 180 . 118 770 309 595 363 74 192 . 520 362 827 357 104 286 877 635 Remotely . | . . . . . . . . . . . . . . . . . . . . . . Salvage Created 10249 | . 383 . 669 260 . 67 700 759 1018 777 321 1323 41 748 302 311 493 390 201 794 692 Parts 463 | . 22 . 41 8 . 13 40 48 36 47 10 38 4 27 21 19 17 3 12 23 34 Haulers Intercepted 15 | . 1 . 6 . . . . . 2 . . . . . 2 . 1 . 1 . 2 Recyclers Shooed 1 | . . . . . . . . . 1 . . . . . . . . . . . . Parts Field Recycled . | . . . . . . . . . . . . . . . . . . . . . . Retrieved Matter . | . . . . . . . . . . . . . . . . . . . . . . Parts Self-Destructed . | . . . . . . . . . . . . . . . . . . . . . . Prevented . | . . . . . . . . . . . . . . . . . . . . . . Kills | -11 -10 -10 -9 -9 -9 -8 -8 -8 -8 -8 -7 -7 -7 -7 -7 -7 -6 -6 -6 -6 -5 ------- Run | Scr Mat Min Mat Min Exi Min Mat Gar Mat Gar Fac Was Fac Gar Fac Gar Fac Was Fac Gar Fac Combat Hostiles Destroyed 214 | . 10 . 16 13 . 8 19 22 15 17 3 4 1 18 10 16 13 . 3 17 9 Melee 19 | . . . . . . . . . 1 . . 2 1 . 5 . 4 . . 4 2 Guns 61 | . 10 . . . . . 6 17 6 8 3 2 . 3 1 . 2 . . 1 2 Cannons 66 | . . . 16 . . 5 9 . 6 . . . . . 3 8 3 . 3 10 3 AOE 61 | . . . . 13 . 3 3 4 2 8 . . . 11 1 8 4 . . 2 2 Classes Destroyed 16 | . 3 . 2 2 . . 4 . . . 1 1 1 . . . . 1 . 1 . Worker 8 | . . . 1 . . 2 3 . . . . . . . . . . . 1 . 1 Builder 1 | . . . . . . . 1 . . . . . . . . . . . . . . Tunneler 1 | . . . . . . . 1 . . . . . . . . . . . . . . Hauler 15 | . 1 . 6 . . . . . 2 . . . . . 2 . 1 . 1 . 2 Recycler 6 | . . . . 3 . . . . 2 . 1 . . . . . . . . . . Swarmer 70 | . 3 . 4 3 . 8 3 12 . 3 2 . . 8 7 7 8 . . 2 . Grunt 80 | . 7 . 5 . . . 9 9 11 14 . . . 7 . 6 3 . . 7 2 Brawler 8 | . . . . . . . . . . . 1 . . 3 . . 2 . . 2 . Duelist 5 | . . . . . . . 1 . . . . . . . . 1 . . . 3 . Sentry 19 | . . . 7 . . . 5 1 2 . . 1 . . . . . . 2 1 . Hunter 5 | . . . . . . . 1 . 2 . . . . . . . . . . . 2 Programmer 13 | . . . . . . . . . . . . . 1 . 3 2 1 . 1 . 5 Behemoth 2 | . . . . . . . . . . . . . . . . . . . . 2 . Compactor 4 | . . . . . . . . . . . . 4 . . . . . . . . . Assembled 10 | . . . . 10 . . . . . . . . . . . . . . . . . Martyr 1 | . . . . . . . . . . . . . . . . . . 1 . . . Best Kill Streak 14 | . 5 . 5 4 . 6 4 3 3 6 2 1 1 4 3 14 7 . 1 4 4 Combat Bots Only 14 | . 5 . 3 4 . 4 3 3 3 6 1 1 1 4 3 14 7 . 1 4 4 Max Kills in Single Turn 5 | . 1 . 1 3 . 2 4 2 2 3 1 1 1 2 1 5 2 1 1 2 3 Gunslinging 1 | . . . . . . . . 1 . . . . . . . . . . . . . Exploded 5 | . . . . 2 . 2 3 2 2 3 . . . 2 1 5 2 . . 2 2 Melee 1 | . . . . . . . . . 1 . . 1 1 . 1 . 1 . . 1 1 Uniques/NPCs Destroyed . | . . . . . . . . . . . . . . . . . . . . . . Combat | -11 -10 -10 -9 -9 -9 -8 -8 -8 -8 -8 -7 -7 -7 -7 -7 -7 -6 -6 -6 -6 -5 -------- Run | Scr Mat Min Mat Min Exi Min Mat Gar Mat Gar Fac Was Fac Gar Fac Gar Fac Was Fac Gar Fac Damage Taken 18318 | . 1061 . 467 176 . 162 1594 564 1550 778 160 79 104 943 1619 1894 1894 . 341 2914 2018 Core 1642 | . 221 . 69 21 . 22 150 23 198 117 . . . 74 196 230 61 . . 138 122 Absorbed by Shields 267 | . . . . . . . . . . . . . . 32 . . . . . 235 . Core Remaining (%) 49 | 100 . 11 . . . 72 . . . 11 . . . . . 28 . . . 76 . Volleys Fired 608 | . 50 1 28 16 . 7 46 35 39 33 12 107 . 50 24 39 23 . 15 53 30 Largest 3 | . 2 2 3 1 . 3 3 3 3 3 3 2 . 3 3 3 3 . 3 3 3 Hottest 233 | . 70 60 132 30 . 132 156 155 154 135 135 90 . 135 176 176 233 . 196 223 190 Shots Fired 1311 | . 94 2 84 16 . 17 136 93 110 60 30 198 . 77 47 70 47 . 31 133 66 Gun 677 | . 94 2 . . . . 39 85 73 43 27 185 . 45 5 10 20 . . 25 24 Cannon 499 | . . . 84 . . 15 96 6 37 . . . . . 38 49 20 . 24 99 31 Launcher 77 | . . . . 16 . 2 1 2 . 17 . . . 24 . 5 6 . . 3 1 Special 58 | . . . . . . . . . . . 3 13 . 8 4 6 1 . 7 6 10 Kinetic 558 | . 50 1 84 . . 15 96 1 43 15 . . . 12 33 39 16 . 23 79 51 Thermal 155 | . 44 1 . . . . 2 16 17 . . . . . 1 9 15 . 1 45 4 Explosive 42 | . . . . 16 . 2 1 2 . . . . . 6 . 5 6 . . 3 1 Electromagnetic 498 | . . . . . . . 37 74 50 45 27 185 . 51 9 11 9 . . . . Robot Hit Streak 90 | . 17 5 13 4 . 5 12 12 12 12 9 90 . 19 22 8 9 . 11 19 5 Robot Miss Streak 10 | . 2 . 10 2 . 9 6 7 3 3 3 3 . 2 4 4 2 . 3 3 3 Penetration Max 1 | . . . . . . . . . 1 . . . . . . . . . . . . Secondary Targets 12 | . 4 . . . . . . 6 1 1 . . . . . . . . . . . Max Gunslinging Chain 1 | . 1 . . . . . . 1 1 1 . . . . . . . . . . . Shots Hit Robots 1043 | . 71 2 71 6 . 10 110 63 94 33 24 197 2 50 38 36 35 4 21 123 53 Core Hits 555 | . 21 . 64 22 . 13 76 43 44 30 11 37 1 39 13 31 29 2 10 44 25 Critical Hits 28 | . 1 . . . . . 3 1 . 1 1 3 . . 2 2 . 1 . 4 9 Critical Kills 9 | . . . . . . . 1 1 . 1 . 1 . . . 1 . . . . 4 Critical Parts Destroyed 14 | . 1 . . . . . 1 . . . . . . . 2 1 . . . 4 5 Melee Attacks 174 | . . . . . . . . . 13 6 . 8 21 . 24 . 6 4 7 33 52 Impact . | . . . . . . . . . . . . . . . . . . . . . . Slashing 143 | . . . . . . . . . . 4 . 8 21 . 24 . 1 . 7 33 45 Piercing 16 | . . . . . . . . . . . . . . . . . 5 4 . . 7 Sneak Attacks 22 | . . . . . . . . . 10 . . 8 . . . . . 3 . 1 . Combat Hostiles 9 | . . . . . . . . . . . . 8 . . . . . . . 1 . Follow-up Attacks . | . . . . . . . . . . . . . . . . . . . . . . Damage Inflicted 23779 | . 773 19 1166 865 . 467 2202 1407 1623 1147 335 882 68 2054 1079 1690 1515 361 521 4018 1587 Guns 5260 | . 760 19 . . . . 625 939 918 380 244 192 . 454 37 54 137 . . 343 158 Cannons 7618 | . . . 1142 . . 149 1195 54 524 . . . . . 574 649 390 . 499 1868 574 Explosions 7349 | . . . . 851 . 299 359 414 98 767 74 325 . 1600 46 987 706 . . 472 351 Melee 3142 | . . . . . . . . . . . . 365 68 . 401 . 136 361 . 1335 476 Ramming 410 | . 13 . 24 14 . 19 23 . 83 . 17 . . . 21 . 146 . 22 . 28 Kinetic 6994 | . 349 8 1142 . . 149 1195 . 446 175 . . . 70 554 491 104 . 468 1204 639 Thermal 3289 | . 411 11 . . . . 155 239 368 231 74 325 . . 46 99 199 . 31 1007 93 Explosive 4791 | . . . . 851 . 299 238 295 . . . . . 592 . 987 706 . . 472 351 Electromagnetic 5153 | . . . . . . . 591 873 726 741 244 192 . 1392 57 113 224 . . . . Impact . | . . . . . . . . . . . . . . . . . . . . . . Slashing 2645 | . . . . . . . . . . . . 365 68 . 401 . . . . 1335 476 Piercing 497 | . . . . . . . . . . . . . . . . . 136 361 . . . Highest Corruption 13 | . . . 1 1 1 1 3 3 3 4 . . 3 4 7 7 . . . . 13 Average Corruption 3 | . . . 1 1 1 1 3 3 3 3 . . 2 3 5 7 . . . . 8 Corruption Purged . | . . . . . . . . . . . . . . . . . . . . . . Effects 248 | . . . 2 6 2 7 6 21 25 29 . . 3 13 38 65 . . . . 31 Message Errors 57 | . . . . 3 . 6 2 8 5 7 . . . 3 7 10 . . . . 6 Matter Fused 51 | . . . . . . . 1 5 7 9 . . 1 4 5 15 . . . . 4 Heat Flow Errors 26 | . . . . . . . 1 1 5 2 . . . 3 5 4 . . . . 5 Energy Discharges 33 | . . . 1 2 . 1 . 4 1 6 . . . 1 4 8 . . . . 5 Parts Rejected 1 | . . . . . . . . . . . . . . . . 1 . . . . . Data Loss (minor) 31 | . . . . 1 2 . . . 4 2 . . 1 1 7 11 . . . . 2 Data Loss (major) 10 | . . . . . . . . . . . . . . . 3 6 . . . . 1 Misfires 5 | . . . . . . . . . . . . . . . 3 2 . . . . . Misdirections 2 | . . . . . . . . . . . . . . . . . . . . . 2 Targeting Errors 29 | . . . 1 . . . 2 3 3 2 . . 1 . 3 8 . . . . 6 Weapon Failures 3 | . . . . . . . . . . 1 . . . 1 1 . . . . . . Overload Shots . | . . . . . . . . . . . . . . . . . . . . . . Overflow Damage 551 | . . . . 43 . 32 6 13 . . 9 . . 26 137 18 56 59 13 86 53 Projectiles 168 | . . . . . . . 6 . . . . . . . 53 18 13 . 13 64 1 Explosions 206 | . . . . 43 . 32 . 13 . . 9 . . 26 45 . 38 . . . . Melee 177 | . . . . . . . . . . . . . . . 39 . 5 59 . 22 52 Knockbacks 89 | . . . 12 . . 10 29 . 14 . . . . . 5 3 . . 2 8 6 Impact 3 | . . . . . . . . . 1 . . . . . 1 . . . . . 1 Kinetic 76 | . . . 12 . . 7 23 . 12 . . . . . 4 3 . . 2 8 5 Secondary 10 | . . . . . . 3 6 . 1 . . . . . . . . . . . . Self-Inflicted Damage 835 | . 4 . . 52 . 64 . 6 55 117 . . . 77 195 37 105 . . 123 . Shots 38 | . . . . 2 . 2 . 1 1 10 . . . 9 4 2 4 . . 3 . Rammed 48 | . 3 . 3 3 . . 5 . 9 . 4 . . . 2 . 15 . 2 . 2 Targets Rammed 52 | . 3 . 3 3 . 1 5 . 11 . 4 . . . 2 . 16 . 2 . 2 Kicked . | . . . . . . . . . . . . . . . . . . . . . . Crushed 4 | . . . . . . 1 . . 2 . . . . . . . 1 . . . . Highest Temperature 494 | . 210 26 336 . . 268 415 359 433 362 156 327 . 218 339 371 387 . 216 464 494 Average Temperature 121 | . 64 16 97 . . 121 129 132 139 129 57 119 . 49 109 90 173 . 84 164 154 Received Heat Transfer 3912 | . 525 . 120 . . . 702 216 558 288 18 21 . 288 42 231 333 . 72 414 84 Effects 30 | . . . 2 . . 1 1 . 7 2 . 1 . . 3 . 3 . . 5 5 Shutdowns 10 | . . . 1 . . . 1 . 1 . . . . . . . 1 . . 4 2 Energy Bleed 5 | . . . . . . 1 . . . . . . . . . . 1 . . 1 2 Interference 11 | . . . . . . . . . 6 1 . 1 . . 3 . . . . . . Matter Decay 2 | . . . . . . . . . . 1 . . . . . . . . . . 1 Damage (minor) 2 | . . . 1 . . . . . . . . . . . . . 1 . . . . Siege Activations . | . . . . . . . . . . . . . . . . . . . . . . Robots Corrupted 7 | . . . . . . . 1 1 . 1 . . . 4 . . . . . . . Combat Hostiles 7 | . . . . . . . 1 1 . 1 . . . 4 . . . . . . . Parts Fried 18 | . . . . . . . 2 3 4 1 . . . 7 . . 1 . . . . Impact Corruptions 1 | . . . . . . . . . . . . . . . . . 1 . . . . Robots Melted . | . . . . . . . . . . . . . . . . . . . . . . Combat Hostiles . | . . . . . . . . . . . . . . . . . . . . . . Parts Melted 4 | . 3 . . . . . . . . . . . . . . . 1 . . . . Heat Transferred 5323 | . 1032 25 . . . . 174 372 470 300 100 250 . . 50 150 325 . 50 1875 150 Parts Sabotaged . | . . . . . . . . . . . . . . . . . . . . . . Parts Stolen . | . . . . . . . . . . . . . . . . . . . . . . Parts Stripped . | . . . . . . . . . . . . . . . . . . . . . . Power Chain Reactions 14 | . . . . . . . 1 2 1 4 1 3 . . 1 . 1 . . . . Missiles Intercepted . | . . . . . . . . . . . . . . . . . . . . . . Alert | -11 -10 -10 -9 -9 -9 -8 -8 -8 -8 -8 -7 -7 -7 -7 -7 -7 -6 -6 -6 -6 -5 ------- Run | Scr Mat Min Mat Min Exi Min Mat Gar Mat Gar Fac Was Fac Gar Fac Gar Fac Was Fac Gar Fac Peak Influence 827 | . 142 55 616 164 . 124 329 827 463 497 391 576 350 647 488 763 785 204 497 584 329 Average Influence 291 | . 94 55 433 79 . 72 106 586 170 339 265 389 292 398 299 542 535 146 174 310 112 Maximum Alert Level 3 | . . . 2 . . . 1 3 2 2 1 2 1 2 2 3 3 1 2 2 1 Low Security (%) 39 | . . . . . . . . . . . . . . . . . . . . . . Level 1 25 | . . . . . . . . . . . . . . . . . . . . . . Level 2 32 | . . . . . . . . . . . . . . . . . . . . . . Level 3 2 | . . . . . . . . . . . . . . . . . . . . . . Level 4 . | . . . . . . . . . . . . . . . . . . . . . . Level 5 . | . . . . . . . . . . . . . . . . . . . . . . High Security . | . . . . . . . . . . . . . . . . . . . . . . Max Security . | . . . . . . . . . . . . . . . . . . . . . . Squads Dispatched 23 | . . . 2 . . . 1 . 5 . . . 1 . 4 . 1 . 3 . 6 Investigation 1 | . . . . . . . . . 1 . . . . . . . . . . . . Extermination 10 | . . . . . . . . . . . . . 1 . 4 . 1 . 2 . 2 Reinforcement 11 | . . . 2 . . . . . 4 . . . . . . . . . 1 . 4 Assault . | . . . . . . . . . . . . . . . . . . . . . . Garrison 1 | . . . . . . . 1 . . . . . . . . . . . . . . Intercept . | . . . . . . . . . . . . . . . . . . . . . . Construction Impeded 2 | . . . . . . . . . . . . . . . . . . . . . 2 Haulers Reinforced 2 | . . . . . . . . . . . . . . . . . . . 1 . 1 Stealth | -11 -10 -10 -9 -9 -9 -8 -8 -8 -8 -8 -7 -7 -7 -7 -7 -7 -6 -6 -6 -6 -5 --------- Run | Scr Mat Min Mat Min Exi Min Mat Gar Mat Gar Fac Was Fac Gar Fac Gar Fac Was Fac Gar Fac Distress Signals 11 | . 2 . . . . . 1 . 3 . 1 . . . 2 . . . 1 . 1 Communications Jammed . | . . . . . . . . . . . . . . . . . . . . . . Distress Signals . | . . . . . . . . . . . . . . . . . . . . . . Times Spotted 407 | . 16 . 38 12 . 7 39 24 45 22 9 4 1 35 16 34 20 1 27 33 24 Peak Tracking Total 13 | . 6 . 4 3 . 4 5 4 4 8 5 2 1 7 5 13 7 1 4 5 7 Tactical Retreats 48 | . 3 . 1 1 . . 6 5 2 3 1 . . 10 1 1 4 . . 9 1 Traps | -11 -10 -10 -9 -9 -9 -8 -8 -8 -8 -8 -7 -7 -7 -7 -7 -7 -6 -6 -6 -6 -5 ------- Run | Scr Mat Min Mat Min Exi Min Mat Gar Mat Gar Fac Was Fac Gar Fac Gar Fac Was Fac Gar Fac Traps Triggered 40 | . . . 2 . . . . 3 . 8 3 . . 6 1 5 2 . . 9 1 Indirectly 1 | . . . . . . . . . . 1 . . . . . . . . . . . Trap Hack Attempts . | . . . . . . . . . . . . . . . . . . . . . . Triggered . | . . . . . . . . . . . . . . . . . . . . . . Disarmed . | . . . . . . . . . . . . . . . . . . . . . . Reprogrammed . | . . . . . . . . . . . . . . . . . . . . . . Reused . | . . . . . . . . . . . . . . . . . . . . . . Traps Extracted . | . . . . . . . . . . . . . . . . . . . . . . Installed . | . . . . . . . . . . . . . . . . . . . . . . Triggered 8 | . . . . . . . . . 1 1 . . . 2 . . . . . . 4 Machines | -11 -10 -10 -9 -9 -9 -8 -8 -8 -8 -8 -7 -7 -7 -7 -7 -7 -6 -6 -6 -6 -5 ---------- Run | Scr Mat Min Mat Min Exi Min Mat Gar Mat Gar Fac Was Fac Gar Fac Gar Fac Was Fac Gar Fac Machines Disabled 38 | . . . 2 . . . 1 3 2 2 1 . . 2 5 3 4 . 7 4 2 Max in Single Turn 5 | . . . . . . . 1 1 1 1 1 . . 1 5 1 2 . . 1 . Garrison Relay 13 | . . . . . . . . 3 . 2 . . . 2 . 3 . . . 3 . Machines Sabotaged . | . . . . . . . . . . . . . . . . . . . . . . Garrisons Compromised . | . . . . . . . . . . . . . . . . . . . . . . Overloaded Fab Kills . | . . . . . . . . . . . . . . . . . . . . . . Fab Network Shutdowns . | . . . . . . . . . . . . . . . . . . . . . . Hacking | -11 -10 -10 -9 -9 -9 -8 -8 -8 -8 -8 -7 -7 -7 -7 -7 -7 -6 -6 -6 -6 -5 --------- Run | Scr Mat Min Mat Min Exi Min Mat Gar Mat Gar Fac Was Fac Gar Fac Gar Fac Was Fac Gar Fac Machines Accessed 22 | . 1 . 4 . . . 4 . 2 . . . 2 . 3 . . . 3 . 3 Terminals 12 | . 1 . 2 . . . 2 . 1 . . . 1 . 1 . . . 2 . 2 Fabricators . | . . . . . . . . . . . . . . . . . . . . . . Repair Stations 3 | . . . 1 . . . . . . . . . . . 1 . . . . . 1 Recycling Units . | . . . . . . . . . . . . . . . . . . . . . . Scanalyzers 2 | . . . 1 . . . 1 . . . . . . . . . . . . . . Garrison Access 5 | . . . . . . . 1 . 1 . . . 1 . 1 . . . 1 . . Total Hacks 62 | . 1 . 13 . . . 14 . 5 . . . 8 . 5 . . . 6 . 10 Successful 41 | . 1 . 10 . . . 11 . 2 . . . 6 . 3 . . . 3 . 5 Failed 21 | . . . 3 . . . 3 . 3 . . . 2 . 2 . . . 3 . 5 Catastrophic 5 | . . . 1 . . . . . 2 . . . . . 1 . . . . . 1 Database Lockouts . | . . . . . . . . . . . . . . . . . . . . . . Manual 24 | . . . 3 . . . 5 . 4 . . . 3 . 1 . . . 2 . 6 Terminals 39 | . 1 . 4 . . . 8 . 4 . . . 7 . 2 . . . 5 . 8 Fabricators . | . . . . . . . . . . . . . . . . . . . . . . Repair Stations 10 | . . . 6 . . . . . . . . . . . 2 . . . . . 2 Recycling Units . | . . . . . . . . . . . . . . . . . . . . . . Scanalyzers 8 | . . . 3 . . . 5 . . . . . . . . . . . . . . Garrison Access 5 | . . . . . . . 1 . 1 . . . 1 . 1 . . . 1 . . Terminal Hacks 13 | . 1 . 3 . . . 2 . 1 . . . 3 . . . . . 1 . 2 Robot Analysis 1 | . . . . . . . 1 . . . . . . . . . . . . . . Branch Access Points 1 | . 1 . . . . . . . . . . . . . . . . . . . . Unreport Threat 3 | . . . . . . . . . 1 . . . . . . . . . 1 . 1 Hauler Manifests 4 | . . . 1 . . . 1 . . . . . 1 . . . . . . . 1 Registered Components 2 | . . . 1 . . . . . . . . . 1 . . . . . . . . Registered Prototypes 1 | . . . 1 . . . . . . . . . . . . . . . . . . Zone Layout 1 | . . . . . . . . . . . . . 1 . . . . . . . . Fabricator Hacks . | . . . . . . . . . . . . . . . . . . . . . . Repair Station Hacks 8 | . . . 4 . . . . . . . . . . . 2 . . . . . 2 Scan Component 4 | . . . 2 . . . . . . . . . . . 1 . . . . . 1 Repair 4 | . . . 2 . . . . . . . . . . . 1 . . . . . 1 Recycling Unit Hacks . | . . . . . . . . . . . . . . . . . . . . . . Scanalyzer 8 | . . . 3 . . . 5 . . . . . . . . . . . . . . Insert Component 3 | . . . 1 . . . 2 . . . . . . . . . . . . . . Analyze 5 | . . . 2 . . . 3 . . . . . . . . . . . . . . Garrison Access Hacks 5 | . . . . . . . 1 . 1 . . . 1 . 1 . . . 1 . . Unlock Access 5 | . . . . . . . 1 . 1 . . . 1 . 1 . . . 1 . . Unauthorized Hacks 16 | . . . . . . . 6 . . . . . 4 . . . . . 3 . 3 Terminals 7 | . . . . . . . 3 . . . . . 2 . . . . . 1 . 1 Track 2 | . . . . . . . 1 . . . . . 1 . . . . . . . . Assimilate 1 | . . . . . . . 1 . . . . . . . . . . . . . . Operators 4 | . . . . . . . 1 . . . . . 1 . . . . . 1 . 1 Fabricators . | . . . . . . . . . . . . . . . . . . . . . . Repair Stations . | . . . . . . . . . . . . . . . . . . . . . . Recycling Units . | . . . . . . . . . . . . . . . . . . . . . . Scanalyzers . | . . . . . . . . . . . . . . . . . . . . . . Garrison Access . | . . . . . . . . . . . . . . . . . . . . . . Data Cores Recovered 1 | . . . . . . . . . . . . . . . . . . . 1 . . Used . | . . . . . . . . . . . . . . . . . . . . . . Hacking Detections 17 | . . . 3 . . . 3 . 1 . . . 2 . 2 . . . 3 . 3 Full Trace Events . | . . . . . . . . . . . . . . . . . . . . . . Feedback Events . | . . . . . . . . . . . . . . . . . . . . . . Feedback Blocked . | . . . . . . . . . . . . . . . . . . . . . . Robot Schematics Acquired . | . . . . . . . . . . . . . . . . . . . . . . Robots Built . | . . . . . . . . . . . . . . . . . . . . . . Matter . | . . . . . . . . . . . . . . . . . . . . . . Time . | . . . . . . . . . . . . . . . . . . . . . . Total Robot Build Rating . | . . . . . . . . . . . . . . . . . . . . . . Part Schematics Acquired 2 | . . . 1 . . . 1 . . . . . . . . . . . . . . Parts Built . | . . . . . . . . . . . . . . . . . . . . . . Matter . | . . . . . . . . . . . . . . . . . . . . . . Time . | . . . . . . . . . . . . . . . . . . . . . . Total Part Build Rating . | . . . . . . . . . . . . . . . . . . . . . . Parts Repaired 4 | . . . 2 . . . . . . . . . . . 1 . . . . . 1 Time 140 | . . . 70 . . . . . . . . . . . 44 . . . . . 26 Parts Recycled . | . . . . . . . . . . . . . . . . . . . . . . Recycled Matter . | . . . . . . . . . . . . . . . . . . . . . . Retrieved Matter . | . . . . . . . . . . . . . . . . . . . . . . Retrieved Components . | . . . . . . . . . . . . . . . . . . . . . . Parts Scanalyzed 2 | . . . 1 . . . 1 . . . . . . . . . . . . . . Part Schematics Acquired 2 | . . . 1 . . . 1 . . . . . . . . . . . . . . Parts Damaged . | . . . . . . . . . . . . . . . . . . . . . . Bothacking | -11 -10 -10 -9 -9 -9 -8 -8 -8 -8 -8 -7 -7 -7 -7 -7 -7 -6 -6 -6 -6 -5 ------------ Run | Scr Mat Min Mat Min Exi Min Mat Gar Mat Gar Fac Was Fac Gar Fac Gar Fac Was Fac Gar Fac Used RIF Installer 5 | . . . . . . . . 1 . 1 . . . 1 . 1 . . . 1 . Robot Detection 1 | . . . . . . . . . . 1 . . . . . . . . . . . Patrol Navigation 1 | . . . . . . . . . . . . . . . . . . . . 1 . Structural Interface 1 | . . . . . . . . . . . . . . . . 1 . . . . . Program Shield 1 | . . . . . . . . . . . . . . 1 . . . . . . . Robots Hacked 36 | . . . . . . . . . 6 2 1 6 . 5 2 4 1 . 2 4 3 Non-combat 5 | . . . . . . . . . 3 . . . . . . . . . 1 . 1 Combat 31 | . . . . . . . . . 3 2 1 6 . 5 2 4 1 . 1 4 2 Robot Hacks Applied 49 | . . . . . . . . . 9 2 1 11 . 5 2 4 1 . 4 4 6 purge_threat 6 | . . . . . . . . . 3 . . . . . . . . . 2 . 1 locate_traps 1 | . . . . . . . . . . . . . . . . . . . . . 1 reprogram_traps 3 | . . . . . . . . . 1 . . . . . . . . . . . 2 block_reporting 1 | . . . . . . . . . . . . . . . . . . . 1 . . ignore_targets 11 | . . . . . . . . . . . . 11 . . . . . . . . . amplify_resonance 1 | . . . . . . . . . . . . . . . . 1 . . . . . go_dormant 1 | . . . . . . . . . . . . . . 1 . . . . . . . overwrite_iff 3 | . . . . . . . . . . . . . . . . 1 1 . . 1 . formatsys_low 2 | . . . . . . . . . 2 . . . . . . . . . . . . formatsys_high 20 | . . . . . . . . . 3 2 1 . . 4 2 2 . . 1 3 2 Relay Couplers Released 52 | . . . . . . . . 12 . 7 . . . 9 . 12 . . . 12 . Machine Destruction 52 | . . . . . . . . 12 . 7 . . . 9 . 12 . . . 12 . Attached 24 | . . . . . . . . . 5 2 1 1 . 2 2 3 . . 2 3 3 Robots Rewired 7 | . . . . . . . . . . . 1 . . . . 6 . . . . . Allies Hacked 1 | . . . . . . . . . . . . . . . . . . . 1 . . Hacks Repelled . | . . . . . . . . . . . . . . . . . . . . . . Allies | -11 -10 -10 -9 -9 -9 -8 -8 -8 -8 -8 -7 -7 -7 -7 -7 -7 -6 -6 -6 -6 -5 -------- Run | Scr Mat Min Mat Min Exi Min Mat Gar Mat Gar Fac Was Fac Gar Fac Gar Fac Was Fac Gar Fac Total Allies 59 | . . 5 . . . . 1 . 5 2 2 1 . 4 2 9 1 20 1 4 2 Largest Group 20 | . . 5 5 . . . 1 . 2 1 1 2 . 2 1 5 3 20 18 2 2 Highest-Rated Group 717 | . . 85 85 . . . 10 . 40 15 32 63 . 32 32 96 64 717 642 64 90 Highest-Rated Ally 50 | . . 31 31 . . . 10 . 29 15 32 32 . 32 32 32 32 50 46 41 49 Total Orders 4 | . . . . . . . . . 2 . . . . . . . . . . . 2 AID 2 | . . . . . . . . . 2 . . . . . . . . . . . . EXPLORE 2 | . . . . . . . . . . . . . . . . . . . . . 2 Ally Attacks 524 | . . . 88 . . . . . 35 6 7 76 . 12 12 54 10 31 133 14 46 Total Damage 12469 | . . . 959 . . . . . 767 153 139 2772 . 260 418 1136 241 826 2934 420 1444 Kills 94 | . . . 18 . . . . . 12 . 3 2 . 3 3 12 1 1 24 3 12 Allies Corrupted 1 | . . . . . . . . . . . . . . . . . . . . . 1 Allies Melted 1 | . . . . . . . . . . . . . . . . 1 . . . . . Intel | -11 -10 -10 -9 -9 -9 -8 -8 -8 -8 -8 -7 -7 -7 -7 -7 -7 -6 -6 -6 -6 -5 ------- Run | Scr Mat Min Mat Min Exi Min Mat Gar Mat Gar Fac Was Fac Gar Fac Gar Fac Was Fac Gar Fac Robot Analysis Total 1 | . . . . . . . 1 . . . . . . . . . . . . . . Derelict Logs Recovered 2 | . . . . 2 . . . . . . . . . . . . . . . . . Drone Launches 2 | . . . . . . . . . . . . . . . . . . . . . 2 Drone Recoveries . | . . . . . . . . . . . . . . . . . . . . . . Exploration | -11 -10 -10 -9 -9 -9 -8 -8 -8 -8 -8 -7 -7 -7 -7 -7 -7 -6 -6 -6 -6 -5 ------------- Run | Scr Mat Min Mat Min Exi Min Mat Gar Mat Gar Fac Was Fac Gar Fac Gar Fac Was Fac Gar Fac Turns Passed 23021 | 5 397 68 1644 1168 294 1156 1349 1135 1446 1229 758 1151 465 1061 1403 2114 717 531 1747 1654 1529 Spaces Moved 10251 | 1 217 59 837 614 164 629 594 528 598 523 377 454 237 486 639 764 223 211 809 672 615 Core 2 | . . . . . . . . . . . . . . . . 2 . . . . . Treads 9115 | 1 20 . 780 614 164 629 594 528 598 523 377 454 237 486 639 127 137 111 809 672 615 Legs 635 | . . . . . . . . . . . . . . . . 635 . . . . . Wheels 499 | . 197 59 57 . . . . . . . . . . . . . 86 100 . . . Hover . | . . . . . . . . . . . . . . . . . . . . . . Flight . | . . . . . . . . . . . . . . . . . . . . . . Fastest Speed 80 | 160 80 90 90 180 180 180 180 180 180 200 175 172 172 172 180 180 220 200 200 180 180 Average Speed 188 | 160 97 90 162 180 180 180 180 180 188 202 177 173 172 177 180 244 249 237 200 198 198 Slowest Speed 2400 | 160 160 90 180 180 180 180 220 180 220 260 200 195 172 200 180 2400 280 280 200 200 200 Overloaded Moves . | . . . . . . . . . . . . . . . . . . . . . . Propulsion Burnouts . | . . . . . . . . . . . . . . . . . . . . . . Robots Hopped . | . . . . . . . . . . . . . . . . . . . . . . Cave-ins Triggered 1 | . . . . . . . . . . . . . . . . . . . . . 1 Exploration Rate (%) 49 | 2 43 18 78 98 49 100 55 53 53 63 10 84 9 69 19 65 9 88 29 72 23 Regions Visited 21 Branch Regions 4 Pre-discovered Areas 2 | . . . . 2 . . . . . . . . . . . . . . . . . Known Exits Taken 6 | . 1 . . . . . 1 . 1 . . . 1 . 1 . . . 1 . . Unknown Exits Taken 6 | 1 . 1 1 1 1 1 . . . . . . . . . . . . . . . Scrap Searched 7 | . . 2 . 3 . 2 . . . . . . . . . . . . . . . Spaces Dug 124 | . . . . 17 . . 12 15 . 3 . . 17 7 8 1 1 . 7 . 36 Terrain Destroyed 579 | . . . . 159 . 23 30 24 12 10 3 18 17 46 59 14 59 . 13 30 62 Melee 65 | . . . . . . . . . . . . . 17 . 7 . 1 . 7 . 33 Projectile 64 | . . . . . . . 13 . 5 . . . . . 7 3 6 . 6 8 16 AOE 450 | . . . . 159 . 23 17 24 7 10 3 18 . 46 45 11 52 . . 22 13 Actions | -11 -10 -10 -9 -9 -9 -8 -8 -8 -8 -8 -7 -7 -7 -7 -7 -7 -6 -6 -6 -6 -5 --------- Run | Scr Mat Min Mat Min Exi Min Mat Gar Mat Gar Fac Was Fac Gar Fac Gar Fac Was Fac Gar Fac Total 12562 | 4 308 71 1062 660 163 639 766 644 810 624 442 616 265 618 812 947 313 234 905 855 804 Wait 707 | . 19 10 131 21 . 2 80 51 78 25 27 11 . 28 71 30 19 9 36 26 33 Move 10236 | . 216 58 836 613 163 628 594 527 598 522 377 453 236 485 639 763 223 210 809 671 615 Hop . | . . . . . . . . . . . . . . . . . . . . . . Pick Up 167 | . 6 1 19 2 . . 13 10 19 4 3 10 2 11 14 11 3 3 8 17 11 Fast Attach 64 | . 6 . 12 . . . 6 . 3 . 2 3 . 1 5 9 6 1 . 2 8 Attach 101 | . 5 . 1 . . . 7 6 11 5 3 5 . 6 9 9 5 . 3 13 13 Detach 43 | . . . 4 . . . 4 . 2 1 2 1 . 2 4 3 4 1 3 2 10 Swap 166 | 2 2 1 7 2 . 1 6 4 21 14 3 4 3 17 12 10 6 2 13 21 15 Drop 118 | 2 1 . 21 3 . . 5 5 12 . . 14 3 6 8 6 2 4 8 4 14 Fire 608 | . 50 1 28 16 . 7 46 35 39 33 12 107 . 50 24 39 23 . 15 53 30 Melee 174 | . . . . . . . . . 13 6 . 8 21 . 24 . 6 4 7 33 52 Ram 2 | . 2 . . . . . . . . . . . . . . . . . . . . Kick . | . . . . . . . . . . . . . . . . . . . . . . Crush 50 | . 1 . 3 3 . 1 5 . 11 . 4 . . . 2 . 16 . 2 . 2 Escape Stasis 53 | . . . . . . . . 6 . 12 2 . . 11 . 9 . . . 13 . Rewire 72 | . . . . . . . . . 3 2 7 . . 1 . 58 . . 1 . . Trap . | . . . . . . . . . . . . . . . . . . . . . . Miscellaneous 1 | . . . . . . . . . . . . . . . . . . . . . 1 Route ------- -11/Scrapyard -10/Materials (discovered 3 exits: *Mat / *Min x2) -10/Mines -9/Materials (discovered 4 exits: *Mat x2 / [*Min x2]) -9/Mines (discovered 3 exits: *Mat x2 / [*Exi]) -9/Exiles -8/Mines (discovered 2 exits: *Mat x2) -8/Materials (discovered 3 exits: [*Fac x2] / Gar) -8/Garrison (discovered 2 exits: *Mat x2) -8/Materials -8/Garrison (discovered 2 exits: [*Fac x2]) -7/Factory (discovered 2 exits: [*Sto] / [*Low]) -7/Waste -7/Factory -7/Garrison (discovered 3 exits: *Fac x3) -7/Factory (discovered 3 exits: [*Fac x2] / Gar) -7/Garrison (discovered 2 exits: [*Fac x2]) -6/Factory -6/Waste -6/Factory (discovered 3 exits: *Fac x2 / Gar) -6/Garrison (discovered 2 exits: *Fac x2) -5/Factory (discovered 3 exits: [*Fac] / [*Upp x2]) History --------- Turn | Location | Event 6 | -11/Scrapyard | Discovered new exit (range 0) 6 | -11/Scrapyard | Entered Materials 112 | -10/Materials | Core integrity fell below 50% 164 | -10/Materials | Lost 9 parts (2p3n4w) 164 | -10/Materials | Identified exit to Mines 208 | -10/Materials | Discovered new exit (range 11) 263 | -10/Materials | Core integrity fell below 20% 311 | -10/Materials | Build established: Mutant 403 | -10/Materials | Entered Mines 451 | -10/Mines | Discovered new exit (range 7) 460 | -10/Mines | Assisted by bots powering up and referring to "LRC-V3" 471 | -10/Mines | Entered Materials 471 | -9/Materials | Accompanied by 5 allies 471 | -9/Materials | Evolved 2 slots: Utility x1, Weapon x1 476 | -9/Materials | Led the pair of lost Derelicts to an unsafe place 674 | -9/Materials | Discovered new exit (range 7) 796 | -9/Materials | Build established: Tank 917 | -9/Materials | Discovered new exit (range 15) 1165 | -9/Materials | Discovered new exit (range 4) 1456 | -9/Materials | Repaired Flak Cannon 1543 | -9/Materials | Discovered new exit (range 12) 1901 | -9/Materials | Repaired Med. Armor Plating 2115 | -9/Materials | Entered Mines 2289 | -9/Mines | Assembled infested the area 2313 | -9/Mines | Learned location of Storage (-7) 2526 | -9/Mines | Discovered new exit (range 10) 2560 | -9/Mines | A weapon hastily lodged in a ceiling crevice suddenly fell to the ground 2651 | -9/Mines | Discovered new exit (range 14) 2665 | -9/Mines | Build established: Mutant 2678 | -9/Mines | Learned 4 Materials zone layouts 3276 | -9/Mines | Deemed a non-threat by the Exiles lab entrance 3276 | -9/Mines | Discovered new exit (range 5) 3283 | -9/Mines | Entered Exiles 3328 | -9/Exiles | Met 8R-AWN 3357 | -9/Exiles | Met EX-HEX 3427 | -9/Exiles | Met EX-DEC 3507 | -9/Exiles | Discovered new exit (range 14) 3577 | -9/Exiles | Entered Mines 3620 | -8/Mines | Discovered new exit (range 7) 3669 | -8/Mines | Discovered new exit (range 10) 3887 | -8/Mines | Build established: Tank 4733 | -8/Mines | Entered Materials 4733 | -8/Materials | Evolved 2 slots: Utility x2 5177 | -8/Materials | Discovered new exit (range 9) 5899 | -8/Materials | Discovered new exit (range 8) 6010 | -8/Materials | Garrison activated, responded to threat 6082 | -8/Materials | Identified exit to Garrison 6082 | -8/Materials | Entered Garrison 6193 | -8/Garrison | Build established: Hauler-Tank 6246 | -8/Garrison | Triggered checkpoint 6313 | -8/Garrison | Discovered new exit (range 9) 6377 | -8/Garrison | Triggered checkpoint 6465 | -8/Garrison | Discovered new exit (range 12) 6497 | -8/Garrison | Installed Relay Interface Framework 6556 | -8/Garrison | Triggered checkpoint 6621 | -8/Garrison | Garrison Relay disabled 6834 | -8/Garrison | Triggered checkpoint 6875 | -8/Garrison | Garrison Relay disabled 7022 | -8/Garrison | Triggered checkpoint 7048 | -8/Garrison | Garrison Relay disabled 7217 | -8/Garrison | Entered Materials 7601 | -8/Materials | Lost 3 parts (1n1u1w) 7631 | -8/Materials | Build established: Bothacker-Tank 8203 | -8/Materials | Core integrity fell below 50% 8663 | -8/Materials | Identified exit to Garrison 8663 | -8/Materials | Entered Garrison 8721 | -8/Garrison | Triggered checkpoint 8831 | -8/Garrison | Triggered checkpoint 8943 | -8/Garrison | Discovered new exit (range 13) 9130 | -8/Garrison | Discovered new exit (range 14) 9162 | -8/Garrison | Build established: Hauler-Tank 9172 | -8/Garrison | Expanded RIF knowledge: Robot Detection 9320 | -8/Garrison | Core integrity fell below 20% 9366 | -8/Garrison | Triggered checkpoint 9437 | -8/Garrison | Garrison Relay disabled 9682 | -8/Garrison | Triggered checkpoint 9742 | -8/Garrison | Triggered checkpoint 9786 | -8/Garrison | Build established: Bothacker-Tank 9799 | -8/Garrison | Garrison Relay disabled 9892 | -8/Garrison | Entered Factory 9892 | -7/Factory | Evolved 2 slots: Propulsion x1, Utility x1 10211 | -7/Factory | Discovered new exit (range 12) 10442 | -7/Factory | Discovered new exit (range 10) 10650 | -7/Factory | Sucked down chute 10650 | -7/Factory | Entered Waste 10651 | -7/Waste | Met a frightened Derelict 10660 | -7/Waste | 1 allies followed down the chute 10722 | -7/Waste | Spotted C-40 Crusher 10725 | -7/Waste | Spotted C-40 Crusher 10736 | -7/Waste | Build established: Bothacker-Mutant 10755 | -7/Waste | Allies destroyed C-40 Crusher 10761 | -7/Waste | Spotted C-40 Crusher 10761 | -7/Waste | Spotted C-40 Crusher 10774 | -7/Waste | Allies destroyed C-40 Crusher 10778 | -7/Waste | Spotted C-40 Crusher 10784 | -7/Waste | Spotted C-40 Crusher 10865 | -7/Waste | Destroyed C-40 Crusher 10871 | -7/Waste | Found Damper Plating 11230 | -7/Waste | Destroyed C-40 Crusher 11257 | -7/Waste | Found Damper Plating 11262 | -7/Waste | Found Damper Plating 11285 | -7/Waste | Destroyed C-40 Crusher 11292 | -7/Waste | Found Damper Plating 11301 | -7/Waste | Found Damper Plating 11355 | -7/Waste | Destroyed C-40 Crusher 11549 | -7/Waste | Build established: Hauler-Mutant 11631 | -7/Waste | Discovered new exit (range 15) 11801 | -7/Waste | Entered Factory 12248 | -7/Factory | Identified exit to Garrison 12266 | -7/Factory | Entered Garrison 12420 | -7/Garrison | Triggered checkpoint 12576 | -7/Garrison | Discovered new exit (range 12) 12671 | -7/Garrison | Triggered checkpoint 12776 | -7/Garrison | Discovered new exit (range 9) 12859 | -7/Garrison | Triggered checkpoint 12924 | -7/Garrison | Discovered new exit (range 11) 12953 | -7/Garrison | Expanded RIF knowledge: Program Shield 12998 | -7/Garrison | Triggered checkpoint 13027 | -7/Garrison | Garrison Relay disabled 13178 | -7/Garrison | Triggered checkpoint 13258 | -7/Garrison | Garrison Relay disabled 13327 | -7/Garrison | Entered Factory 13445 | -7/Factory | Repaired Remote Datajack 13772 | -7/Factory | Build established: Bothacker-Mutant 13833 | -7/Factory | Discovered new exit (range 11) 14440 | -7/Factory | Discovered new exit (range 9) 14730 | -7/Factory | Identified exit to Garrison 14730 | -7/Factory | Entered Garrison 14730 | -7/Garrison | Accompanied by 1 ally 14757 | -7/Garrison | Triggered checkpoint 14813 | -7/Garrison | Triggered checkpoint 14839 | -7/Garrison | Triggered checkpoint 14908 | -7/Garrison | Triggered checkpoint 14918 | -7/Garrison | Triggered checkpoint 14927 | -7/Garrison | Core integrity fell below 50% 14971 | -7/Garrison | Lost 7 parts (1p2n4w) 14982 | -7/Garrison | Destroyed 14 combat bots 15359 | -7/Garrison | Build established: Bothacker-Tank 15449 | -7/Garrison | Discovered new exit (range 15) 15724 | -7/Garrison | Triggered checkpoint 15762 | -7/Garrison | Garrison Relay disabled 15886 | -7/Garrison | Discovered new exit (range 10) 15929 | -7/Garrison | Expanded RIF knowledge: Structural Interface 16309 | -7/Garrison | Garrison Relay disabled 16380 | -7/Garrison | Build established: Botlord-Mutant 16628 | -7/Garrison | Triggered checkpoint 16680 | -7/Garrison | Triggered checkpoint 16736 | -7/Garrison | Garrison Relay disabled 16844 | -7/Garrison | Entered Factory 16844 | -6/Factory | Accompanied by 3 allies 16844 | -6/Factory | Evolved 2 slots: Utility x2 17195 | -6/Factory | Destroyed 7 combat bots 17205 | -6/Factory | Lost 5 parts (1p1n1u2w) 17340 | -6/Factory | Discovered new exit (range 15) 17561 | -6/Factory | Sucked down chute 17561 | -6/Factory | Entered Waste 17562 | -6/Waste | Joined by Warlord forces that had cleared the area 17591 | -6/Waste | Build established: Botlord-Tank 17790 | -6/Waste | A Compactor rumbled back to life 17790 | -6/Waste | Spotted C-40 Crusher 17797 | -6/Waste | Allies destroyed C-40 Crusher 18027 | -6/Waste | Discovered new exit (range 12) 18092 | -6/Waste | Entered Factory 18092 | -6/Factory | Accompanied by 18 allies 18359 | -6/Factory | Build established: Botlord-Mutant 18633 | -6/Factory | Discovered new exit (range 15) 19107 | -6/Factory | Discovered new exit (range 8) 19275 | -6/Factory | Build established: Bothacker-Tank 19567 | -6/Factory | Spotted B-75 Beast 19839 | -6/Factory | Identified exit to Garrison 19839 | -6/Factory | Entered Garrison 19839 | -6/Garrison | Accompanied by 2 allies 19960 | -6/Garrison | Spotted B-75 Beast 19970 | -6/Garrison | Destroyed B-75 Beast 20122 | -6/Garrison | Spotted B-75 Beast 20210 | -6/Garrison | Destroyed B-75 Beast 20326 | -6/Garrison | Triggered checkpoint 20435 | -6/Garrison | Garrison Relay disabled 20492 | -6/Garrison | Discovered new exit (range 15) 20534 | -6/Garrison | Expanded RIF knowledge: Patrol Navigation 20854 | -6/Garrison | Triggered checkpoint 20888 | -6/Garrison | Garrison Relay disabled 20996 | -6/Garrison | Triggered checkpoint 21065 | -6/Garrison | Triggered checkpoint 21155 | -6/Garrison | Build established: Botlord-Mutant 21166 | -6/Garrison | Triggered checkpoint 21269 | -6/Garrison | Discovered new exit (range 11) 21370 | -6/Garrison | Triggered checkpoint 21408 | -6/Garrison | Garrison Relay disabled 21493 | -6/Garrison | Entered Factory 21493 | -5/Factory | Accompanied by 1 ally 21493 | -5/Factory | Evolved 2 slots: Utility x2 21657 | -5/Factory | Discovered new exit (range 4) 21871 | -5/Factory | Discovered new exit (range 12) 22084 | -5/Factory | Discovered new exit (range 14) 22624 | -5/Factory | Crushed by falling debris 22624 | -5/Factory | System corruption reached 10% 22776 | -5/Factory | Repaired Hcp. Storage Unit 22967 | -5/Factory | Lost 3 parts (1n2u) 23022 | -5/Factory | Self-destructed Last Messages --------------- 22973_ J 22976_ HV Slug penetrates A-15 Conveyor. 22976_ HV Slug penetrates Wall. 22976_ HV Slug penetrates Door. 22976_ Door malfunctions. 22976_ RIF reveals location of hidden door. 22976_ HV Slug penetrates A-15 Conveyor. 22976_ HV Slug penetrates Wall. 22976_ A-15 Conveyor suffers critical hit. 22976_ A-15 Conveyor destroyed. 22981_ Acquired 20 matter. 22993_ System corrupted: Heat flow error (+161). 23017_ U-05 Engineer lays Concrete. 23020_ K-01 Serf collects debris. 23022_ System corrupted: Heat flow error (+178). Map ----- +----------------------------------------------------+ | ?????????????? ?? #????????# ????????# | | ???????????????? ??????? "?# """" ""?????### | | ??????????????????? ???? ??# """" """? ??#?# | | ???????????#????? ? ? ?? ""# """" """"?"???# | | ?????????#?## ????? ???? ?S# """" """" T#### | | ???????????????????? ??? ""# """" """" "#??# | | ?????? ??????? ?? ?? ""# """" """" "#??# | | ??????????????????# ?? ? ""#! " "" """" "#?## | | ????? ?????????????? ??? # =[%!| "#?# | | ???????????? ???? #######+#####+##+########## | | ??????? ?? ??? ????# # #?# " [% | | ??????????? ???????# # ####" =% | | ???????????????????# # | | ?????????????#?#??## #*###"" [ | | ??????????#????????# ! #%#?### =% | | ??????#??#???? ? ??# /!#???# #+##%"#+######## | | ?????????#???? ????# #=#? # ???? | | ?????????????? ????# !# ##% # ? | | ?????#?????????????# # k+ ! | | ??? ??????????? ???##+### ## % # | | ?? ????????????????# # ;# # | | ????????????? ? ???# + ;# # | | ???????????? ??????# # ;# # | | #+???????????#??#??# ! # ;" # | | # ?????????????????# # #" # | | # ??????#??????????# #@#" # ? | | # ????????????????## # #" " ? ??? | | # ?????#????#?????## # ## # ?????? | | # #????????#?#?????# # #######+####### ?? ???? | | # #????????????#???###### #?#????? ???? #? ??????? | | # ###???#####???????????+ ? ???? ?? ? ?# ? ????? | | + +?? ??????????"?#+##???#?? ? ?? ????? ???? | | # # ? ????????????????????? ??? ?????####### | | #? !???????? ????? ??????#??# ?? # | | #? ?????????????????????#??? ? # """""""" | | # """"?????? ??? ??????????#???????# | | " # """"??????????????????? ?? ????### """""""" | | " """??????????????????????#???????# | | ! "?????????????????#??????????????# """""""" | | |%! ############????????????#?????????# | | [= #???"??????????#?????#?##+####### | | #???????????"??? ?? ?????????## # | | * #??????? ????????? ####" | | #????????????????? | | #????????????????? ##### | | #???????????? ???????? ? ?????#?? | | # #????????#???????????? ??? ????? | | ##+##########????? ??????? ?????????? ###?? | | #### #????? ??????????? ??? ???????????? ?? | | ##?# #???? ????????????? ???????????????? ?? | +----------------------------------------------------+ Best States ------------- Heat Dissipation 61 Coolant Potential 65 Energy Generation 21 Energy Capacity 325 Matter Stores 300 Matter Capacity 300 Sight Range 20 Terrain Scan Range 24 Terrain Scan Density 10 Armor Coverage 1200 Resistance: KI 20 Resistance: TH 15 Resistance: EM 90 Core Shielding 20 Melee Speed Boost 30 Evasion (%) 44 Recoil Reduction 3 Matter Filtering 30 Item Schematics ----------------- Flak Cannon | -9/Materials | Scanalyzed EMP Blaster | -8/Materials | Scanalyzed Robot Schematics ------------------ None Fabricated ------------ Nothing Alien Tech Used ----------------- None Achievements -------------- None Challenges ------------ None Game ------ Seed DisruptorDeliveryBeam Manual? 0 Play Time 02:31:53 Cumulative 158.2 hours Start 2019.11.02 @ 03:04:38 End 2019.11.02 @ 18:27:18 Sessions 5 Manual Loads 0 Difficulty Rogue Special Mode None Game No. 164 Rogue 164 Adventurer 0 Explorer 0 Win Type - Total 2 Types 1/0/0/1/0/0/0 Lore% 63 Gallery% 79 Achievement% 62 Wizard Run 0 Options --------- ASCII 0 Keyboard 1 Movement Numpad Keybinds 0 Fullscreen 2 Font 18/SmallcapsGlow Map View 76x50 Tactical HUD 1 Map Filters NONE Filters NONE Steam 1 RUN: 8cc9d8bb-ad93-4b31-b2f0-a430f140ace5